 Dungeon Crawl Stone Soup version 0.21-a0-331-gfb491b4 (webtiles) character file.

3 vishdafish the Firebug (level 1, 0/13 HPs)
             Began as a Demonspawn Fire Elementalist on Oct 2, 2017.
             Slain by a leopard gecko (3 damage)
             ... on level 1 of the Dungeon.
             The game lasted 00:00:41 (150 turns).

vishdafish the Firebug (DsFE)                        Turns: 150, Time: 00:00:42

Health: 0/13       AC:  2    Str:  8    XL:     1   Next: 41%
Magic:  0/3        EV: 12    Int: 16    God:
Gold:   38         SH:  0    Dex: 13    Spells: 3/4 levels left

rFire    . . .     SeeInvis .   d - +0 short sword
rCold    . . .     Gourm    .   (no shield)
rNeg     . . .     Faith    .   a - +0 robe
rPois    .         Spirit   .   (no helmet)
rElec    .         Reflect  .   (no cloak)
rCorr    .         Harm     .   (no gloves)
MR       .....                  (no boots)
Stlth    ++........             (no amulet)
HPRegen  0.04/turn              (no ring)
MPRegen  0.08/turn              (no ring)

@: very slightly contaminated
A: no striking features
a: no special abilities


You were on level 1 of the Dungeon.
You were not hungry.

You visited 1 branch of the dungeon, and saw 1 of its levels.

You collected 38 gold pieces.

Inventory:

Hand Weapons
 d - a +0 short sword (weapon)
Armour
 a - a +0 robe (worn)
Scrolls
 g - a scroll of identify {unknown}
 h - a scroll of amnesia {unknown}
Potions
 e - 2 potions of heal wounds {unknown}
 f - a potion of agility {unknown}
 i - a potion of curing {unknown}
Books
 b - a book of Flames

   Spells                             Type                      Level
   a - Flame Tongue                   Conjuration/Fire             1
   b - Throw Flame                    Conjuration/Fire             2
   c - Conjure Flame                  Conjuration/Fire             3
   d - Inner Flame                    Hexes/Fire                   3
   e - Sticky Flame                   Conjuration/Fire             4
   f - Fireball                       Conjuration/Fire             5
Comestibles
 c - a bread ration


   Skills:
 - Level 2.0 Dodging
 - Level 1.7 Stealth
 - Level 2.0 Spellcasting
 * Level 1.1 Conjurations
 + Level 2.7 Fire Magic


You had 3 spell levels left.
You knew the following spells:

 Your Spells              Type           Power        Failure   Level  Hunger
a - Flame Tongue          Conj/Fire      #....        10%         1    #......


Dungeon Overview and Level Annotations

Branches:
Dungeon (1/15)

Altars:


Message History

* * * LOW HITPOINT WARNING * * *
Casting: Flame Tongue
Confirm with . or Enter, or press ? or * to list all spells.
Aiming: Flame Tongue
Press: ? - help, Shift-Dir - straight line, f/p - leopard gecko
Aim: a leopard gecko (heavily wounded)
The flame tongue hits the leopard gecko.
The leopard gecko is severely wounded.
The leopard gecko barely misses you. The leopard gecko closely misses you.
The leopard gecko closely misses you.
Casting: Flame Tongue
Confirm with . or Enter, or press ? or * to list all spells.
Aiming: Flame Tongue
Press: ? - help, Shift-Dir - straight line, f/p - leopard gecko
Aim: a leopard gecko (heavily wounded)
The flame tongue hits the leopard gecko.
The leopard gecko is severely wounded.
The leopard gecko bites you.
You die...

.........#
.........#
.........##########
...##.............#
...##.............#
...##.............#
...##.............#
...##.............#
...##..........l@.#
...##.............#
+#.##.............#
....#.............#
#.................#
....####+###+######
.............#
....#........####
....#...........#


You could see a leopard gecko.

Vanquished Creatures
  A giant cockroach (D:1)
  A kobold (D:1)
  2 rats (D:1)
4 creatures vanquished.

Notes
Turn   | Place    | Note
-------+----------+-------------------------------------------
     0 | D:1      | vishdafish the Demonspawn Fire Elementalist began the quest for the Orb.
     0 | D:1      | Reached XP level 1. HP: 13/13 MP: 3/3
   150 | D:1      | Slain by a leopard gecko

Vault maps used:
D:1:      shiori_shiawase

Skill      XL: |  1 |
---------------+----+-----
Dodging        | 2 |  2.0
Stealth        | |  1.7
Spellcasting   | |  2.0
Conjurations   | |  1.1
Fire Magic     | |  2.7

Action                   || total
-------------------------++-------
Melee: Short sword       ||     4
 Cast: Flame Tongue      ||     6
Dodge: Dodged            ||     7

Table legend:
 A = Spawn XP
 B = Non-spawn XP
 C = Spawn XP percentage of total XP
 D = Spawn monster count
 E = Non-spawn monster count
 F = Spawn count percentage of total count
 G = Total turns spent on level
                    A         B        C        D         E        F      G
               +---------+---------+-------+---------+---------+-------+---------
         Total |       0 |       5 |   0.0 |       0 |       4 |   0.0 |   150
               +---------+---------+-------+---------+---------+-------+---------
           D:1 |       0 |       5 |   0.0 |       0 |       4 |   0.0 |   150
               +---------+---------+-------+---------+---------+-------+---------
